 Dungeon Crawl Stone Soup version 0.28-a0-224-g76b539d98b (webtiles) character file.

Game seed: 14247169726065241423

3 spiderkeys the Caller (level 1, -1/13 HPs)
             Began as a Barachi Summoner on Aug 21, 2021.
             Slain by a kobold (5 damage)
             ... on level 1 of the Dungeon.
             The game lasted 00:02:42 (313 turns).

spiderkeys the Caller (Barachi Summoner)             Turns: 313, Time: 00:02:42

Health: -1/13      AC:  2    Str:  9    XL:     1   Next: 50%
Magic:  0/3        EV: 12    Int: 15    God:
Gold:   0          SH:  0    Dex: 12    Spells: 3/4 levels left

rFire   . . .      SeeInvis .   (no weapon)
rCold   . . .      Faith    .   (no shield)
rNeg    . . .      Spirit   .   a - +0 robe
rPois   .          Reflect  .   (no helmet)
rElec   .          Harm     .   (no cloak)
rCorr   .          Rampage  .   (no gloves)
Will    .....                   (no boots)
Stlth   ++........              (no amulet)
HPRegen 0.04/turn               (no ring)
MPRegen 0.08/turn               (no ring)

@: unable to hop, slow
A: amphibious, slowness 1, strong legs 1, +LOS
a: Hop


You were on level 1 of the Dungeon.
You visited 1 branch of the dungeon, and saw 1 of its levels.


Innate Abilities, Weirdness & Mutations

You are amphibious.
You cover ground slowly.
You can hop short distances.
You have an extended range of vision and can be seen from far away.


   Skills:
 + Level 0.2 Fighting
 + Level 2.2 Dodging
 - Level 1.7 Stealth
 + Level 0.2 Unarmed Combat
 + Level 2.2 Spellcasting
 + Level 4.8 Summonings


You had 3 spell levels left.
You knew the following spells:

 Your Spells              Type           Power      Damage    Failure   Level
z - Summon Small Mammal   Summ           64%        N/A       3%          1

Your spell library contained the following spells:

 Spells                   Type           Power      Damage    Failure   Level
 Call Imp                 Summ           16%        N/A       4%          2
 Call Canine Familiar     Summ           16%        N/A       9%          3
 Summon Guardian Golem    Hex/Summ       9%         N/A       24%         3
 Summon Lightning Spire   Summ/Air       9%         N/A       61%         4

Inventory:

Missiles
 b - 10 arrows
 c - 14 stones
 d - 5 boomerangs
Armour
 a - a +0 robe (worn)
Scrolls
 e - a scroll of identify {unknown}

Dungeon Overview and Level Annotations

Branches:
Dungeon (1/15)

Altars:

######### ###### #.......#
#....# #.......# #....#
S...... #....# ..... ##
#....# ####..# #.. #....#
#..#..# ... # #....#
#.@..# #.# .... ##.#.#
##.Kb.##..#..... #.#.#
#............... ##.#.#
#.#...#......... #....#
#............. #...##
###.#..)......# #...##
#...###.###P### #....#
###.#.#.........#
#....#####...#.#.#.#.#P#.#


You could see a kobold (ally target) and a friendly bat (summoned).


Message History

A kobold is nearby!
A kobold is nearby!
Things that are here:
a +0 club; a goblin corpse The kobold shouts!
Your bat disappears in a puff of smoke!
A kobold is nearby!
No reachable target in view!
Found a faded altar of an unknown god.
The kobold barely misses you.
You see here 6 sling bullets.
The kobold hits you with a +0 whip. 😮 HP[-4] MP[-1]
You take 4 damage, and now have 9/13 hp.
MASSIVE DAMAGE!! (PAUSE)
You lost 1 mp, and now have 2/3 mp.
Something barely misses your bat.
You are too injured to fight recklessly!
Casting: Summon Small Mammal (safe; 3% risk of failure)
Confirm with . or Enter, or press ? or * to list all spells.
Something barely misses your bat. 😮 MP[-1]
You lost 1 mp, and now have 1/3 mp.
Casting: Summon Small Mammal (safe; 3% risk of failure)
Confirm with . or Enter, or press ? or * to list all spells.
Something hits your bat.
Your bat dies!
Your bat's corpse disappears in a puff of smoke! 😮 MP[-1]
You lost 1 mp, and now have 0/3 mp.
Your bat barely misses the kobold.
Your bat closely misses the kobold.
The kobold hits you with a +0 whip. x2
* * * LOW HITPOINT WARNING * * *
😱 HP[-6]
You take 6 damage, and now have 3/13 hp.
MASSIVE DAMAGE!! (PAUSE)
Your bat misses the kobold.
Your bat hits the kobold but does no damage.
The kobold misses your bat.
Your bat closely misses the kobold.
Your rat completely misses the kobold.
Something hits the fungus.
The fungus begins to die.
Your bat barely misses the kobold.
Your bat hits the plant.
The plant begins to die.
Your rat misses the kobold.
Your bat closely misses the kobold.
The kobold hits your rat with a +0 whip.
Your rat dies!
Your rat's corpse disappears in a puff of smoke!
Your bat hits the fungus. 😨 HP[+1] Throw: 5 boomerangs
Press: ? - help, Shift-Dir - straight line, f - kobold
Aim: a kobold, wielding a +0 whip (ally target, 47% to hit)
You throw a boomerang. The boomerang barely misses the kobold.
Your bat misses the kobold. 😨 MP[+1] Throw: 5 boomerangs
Press: ? - help, Shift-Dir - straight line, f/p - kobold
Aim: a kobold, wielding a +0 whip (grey smoke, ally target, 47% to hit)
Really fire in your bat's direction?
You throw a boomerang.
The boomerang closely misses the kobold.
The boomerang hits your bat.
Your bat disappears in a puff of smoke!
Hop to where?
Press: ? - help, Dir - move target, p - kobold A ball python comes into view.
Boing!
A nearby plant withers and dies.
A nearby fungus withers and dies.
Casting: Summon Small Mammal (safe; 3% risk of failure)
Press: ? - help, Q - select action, (/) - cycle Dir - look around, f - activate
Okay, then.
Throw: 5 boomerangs
Press: ? - help, Shift-Dir - straight line, f - kobold
Aim: a kobold, wielding a +0 whip (47% to hit)
You throw a boomerang.
The boomerang hits the kobold but does no damage.
Casting: Summon Small Mammal (safe; 3% risk of failure)
Press: ? - help, Q - select action, (/) - cycle Dir - look around, f - activate
Okay, then.
Throw: 5 boomerangs
Press: ? - help, Shift-Dir - straight line, f/p - kobold
Aim: a kobold, wielding a +0 whip (47% to hit)
You throw a boomerang.
The boomerang closely misses the kobold.
Casting: Summon Small Mammal (safe; 3% risk of failure)
Press: ? - help, Q - select action, (/) - cycle Dir - look around, f - activate
Okay, then.
Okay, then.
Casting: Summon Small Mammal (safe; 3% risk of failure)
Press: ? - help, Q - select action, (/) - cycle Dir - look around, f - activate The kobold misses you. 😨 MP[-1]
You lost 1 mp, and now have 0/3 mp.
You don't have enough magic to cast this spell.
Your bat hits the kobold but does no damage.
You hit the kobold.
Your bat closely misses the kobold.
The kobold barely misses you.
You hit the kobold but do no damage.
Your bat hits the kobold but does no damage.
The kobold hits you with a +0 whip.
You die...

Action                   || total
-------------------------++-------
Melee: Unarmed           ||    11
Throw: Boomerang         ||     4
 Cast: Summon Small Mamm ||     7
 Abil: Hop               ||     1
Armor: Robe              ||     2
Dodge: Dodged            ||    12

Levels and vault maps discovered:
D:1:      minmay_arrival_checkered_box, layout_rooms,
          shapermc_ecumenical_altar_mp_urbaneastern

Notes
Turn   | Place    | Note
-------+----------+-------------------------------------------
     0 | D:1      | spiderkeys the Barachi Summoner began the quest for the
                  | Orb.
     0 | D:1      | Reached XP level 1. HP: 13/13 MP: 3/3
     0 | D:1      | magus.rc [v1.9.10]
   293 | D:1      | Found a faded altar of an unknown god.
   300 | D:1      | HP: 3/13 [kobold (4)]
   313 | D:1      | Slain by a kobold

Vanquished Creatures
  A giant cockroach (D:1)
  A goblin (D:1)
2 creatures vanquished.

Vanquished Creatures (collateral kills)
  A dart slug (D:1)
1 creature vanquished.

Vanquished Creatures (others)
  A fungus (D:1)
  3 plants (D:1)
4 creatures vanquished.

Grand Total: 7 creatures vanquished

Table legend:
 A = Non-vault XP
 B = Vault XP
 C = Vault XP percentage of total XP
 D = Non-vault monster count
 E = Vault monster count
 F = Vault count percentage of total count
                 A         B        C        D         E       F
            +---------+---------+-------+---------+---------+-------
      Total |       5 |       0 |   0.0 |       3 |       0 |   0.0
            +---------+---------+-------+---------+---------+-------
        D:1 |       5 |       0 |   0.0 |       3 |       0 |   0.0
            +---------+---------+-------+---------+---------+-------

Illustrated notes

Table legend:
 A = Kills in this place as a percentage of kills in entire the game.
 B = Kills by you in this place as a percentage of kills by you in the entire game.
 C = Kills by friends in this place as a percentage of kills by friends in the entire game.
 D = Other kills in this place as a percentage of other kills in the entire game.
 E = Experience gained in this place as a percentage of experience gained in the entire game.
 F = Experience gained in this place divided by the number of levels of this place that you have seen.
                   A       B       C       D       E      F
               +-------+-------+-------+-------+-------+----------------------
         Total | 100.0 | 100.0 | 100.0 |   N/A | 100.0 |   5.0
       Dungeon | 100.0 | 100.0 | 100.0 |   N/A | 100.0 |   5.0
               +-------+-------+-------+-------+-------+----------------------

Table legend: (Time is in decaauts)
 A = Elapsed time spent in this place.
 B = Non-inter-level travel time spent in this place.
 C = Inter-level travel time spent in this place.
 D = Time resting spent in this place.
 E = Time spent auto-exploring this place.
 F = Levels seen in this place.
 G = Mean time per level.
                   A        B        C        D        E       F      G
               +--------+--------+--------+--------+--------+-----+--------+
         Total |    337 |    337 |      0 |      0 |    269 |   1 |  337.0 |
       Dungeon |    337 |    337 |      0 |      0 |    269 |   1 |  337.0 |
               +--------+--------+--------+--------+--------+-----+--------+

Top non-repeatable levels by time:
     D:1: 337 daAuts
